[Event "Friday 20 April Rapid Engine Tour 12+1 Rounds 9 Starts 1600ST"]
[Site "Infinity Chess"]
[Date "2018.4.20"]
[Round "7"]
[White "Deep_Impact"]
[Black "RonWeasley"]
[Result "1/2-1/2"]
[ECO "C11"]
[WhiteElo "2412"]
[BlackElo "2451"]
[WhiteEngine "BrainFish_180411_x64_bmi2"]
[BlackEngine "BrainFish 180418_CTG"]
[EventType "Swiss"]
[WhiteTeam ""]
[BlackTeam ""]
[PlyCount "110"]
[TimeControl "720+1"]

1. e4 e6 2. d4 d5 3. Nc3 Nf6 4. e5 Nfd7 5. f4 c5 6. Nf3 Nc6 7. Be3 cxd4 
8. Nxd4 Qb6 9. Qd2 Qxb2 10. Rb1 Qa3 11. Bb5 Nxd4 12. Bxd4 a6 13. Bxd7+ Bxd7 
14. Rb3 Qe7 15. Rxb7 Rc8 16. O-O Qd8 17. Qf2 Rxc3 18. Bxc3 Qc8 19. Rb3 Ba4 
20. Bd4 Bxb3 21. axb3 Be7 22. c3 O-O 23. b4 Qc6 24. Ra1 Bd8 25. h4 Bc7 26. h5 h6 
27. g4 a5 28. g5 axb4 29. gxh6 gxh6 30. Kh1 Kh8 31. Rg1 Rg8 32. Rxg8+ Kxg8 
33. Qg1+ Kf8 34. Bc5+ Ke8 35. Qg8+ Kd7 36. Qxf7+ Kc8 37. Qg8+ Kb7 38. cxb4 Qa6 
39. Kg1 Qa1+ 40. Kh2 Qb2+ 41. Qg2 Bxe5 42. Qxb2 Bxb2 43. Kg2 Ka6 44. Bf8 Kb5 
45. Bxh6 Kxb4 46. Bf8+ Kb3 47. h6 d4 48. f5 d3 49. fxe6 d2 50. e7 d1=Q 
51. e8=Q Qd2+ 52. Kf3 Qd3+ 53. Qe3 Qxe3+ 54. Kxe3 Bc1+ 55. Kd3 Bxh6 1/2-1/2

[Event "Friday 20 April Rapid Engine Tour 12+1 Rounds 9 Starts 1600ST"]
[Site "Infinity Chess"]
[Date "2018.4.20"]
[Round "7"]
[White "angriff"]
[Black "star99"]
[Result "1/2-1/2"]
[ECO "B32"]
[WhiteElo "2372"]
[BlackElo "2456"]
[WhiteEngine "DracoREX 3.07 64BIT POPCNT_CTG"]
[BlackEngine "Cryptic Heroes 9.4B"]
[EventType "Swiss"]
[WhiteTeam ""]
[BlackTeam ""]
[PlyCount "136"]
[TimeControl "720+1"]

1. e4 c5 2. Nf3 Nc6 3. d4 cxd4 4. Nxd4 e5 5. Nb5 Nf6 6. Bg5 Bc5 7. N1c3 O-O 
8. Qf3 Be7 9. O-O-O a6 10. Bxf6 axb5 11. Bxe7 Qxe7 12. Bxb5 Nd4 13. Qd3 d6 
14. Nd5 Qh4 15. Kb1 Be6 16. Bc4 Rfc8 17. a3 Rxc4 18. g3 Qg4 19. Ne3 Qe2 
20. Qxe2 Nxe2 21. Nxc4 Bxc4 22. Rxd6 Nd4 23. Rd7 Rc8 24. Rxb7 Nxc2 25. Rd1 Nd4 
26. Rc1 Bd3+ 27. Ka2 Bc2 28. a4 h6 29. Ka3 Ra8 30. b3 Bxe4 31. Rb6 Rd8 
32. Rc4 Bf5 33. a5 Nc2+ 34. Kb2 Rd2 35. Kc3 Rxf2 36. g4 Bg6 37. a6 Ne3 
38. Rb8+ Kh7 39. Ra4 Rc2+ 40. Kb4 Nd5+ 41. Ka3 Rxh2 42. a7 Bb1 43. b4 Be4 
44. Kb3 Rh1 45. Ra2 Rh3+ 46. Kc4 Rc3+ 47. Kb5 Nc7+ 48. Ka4 Bd5 49. Rd2 Rc1 
50. Rxd5 Nxd5 51. Kb3 Rb1+ 52. Kc4 Ra1 53. Kxd5 Rxa7 54. b5 Re7 55. b6 e4 
56. b7 Kg6 57. Kc6 e3 58. Ra8 e2 59. Ra1 Re8 60. Re1 Re6+ 61. Kb5 Re8 62. Kc6 f5 
63. Rxe2 Rb8 64. gxf5+ Kxf5 65. Kb6 Rxb7+ 66. Kxb7 h5 67. Rf2+ Kg4 68. Rf1 h4 
1/2-1/2

[Event "Friday 20 April Rapid Engine Tour 12+1 Rounds 9 Starts 1600ST"]
[Site "Infinity Chess"]
[Date "2018.4.20"]
[Round "7"]
[White "CrapCleaner"]
[Black "hafaba"]
[Result "1/2-1/2"]
[ECO "B90"]
[WhiteElo "2464"]
[BlackElo "2445"]
[WhiteEngine "komodo-11.3.1-64bit-BMI2_CTG"]
[BlackEngine "Eman 1.70-beta21 64-bit POPCNT_CTG"]
[EventType "Swiss"]
[WhiteTeam ""]
[BlackTeam ""]
[PlyCount "73"]
[TimeControl "720+1"]

1. e4 c5 2. Nf3 d6 3. d4 cxd4 4. Nxd4 Nf6 5. Nc3 a6 6. Be3 e5 7. Nb3 Be6 
8. f3 h5 9. Qd2 Nbd7 10. Nd5 Bxd5 11. exd5 g6 12. Be2 Bg7 13. Na5 Rb8 14. O-O e4 
15. f4 Ng4 16. Bxg4 hxg4 17. Rab1 Kf8 18. b4 Kg8 19. c4 Rh5 20. Rfe1 Kh7 
21. Rbc1 Qh8 22. g3 g5 23. Nb3 gxf4 24. Bxf4 f5 25. Bxd6 Bh6 26. Qc2 Rc8 
27. Rxe4 Bxc1 28. Re7+ Kg6 29. Re6+ Kf7 30. h4 Qb2 31. Qxc1 Qxc1+ 32. Nxc1 Rxc4 
33. Re7+ Kg8 34. Re8+ Kf7 35. Re7+ Kg8 36. Re8+ Kf7 37. Re7+ 1/2-1/2

[Event "Friday 20 April Rapid Engine Tour 12+1 Rounds 9 Starts 1600ST"]
[Site "Infinity Chess"]
[Date "2018.4.20"]
[Round "7"]
[White "Marsell"]
[Black "OlivierEvan"]
[Result "1-0"]
[ECO "B28"]
[WhiteElo "2475"]
[BlackElo "2385"]
[WhiteEngine "BrainFish_180418_x64_bmi2"]
[BlackEngine "Houdini 6"]
[EventType "Swiss"]
[WhiteTeam ""]
[BlackTeam ""]
[PlyCount "125"]
[TimeControl "720+1"]

1. e4 c5 2. Nf3 a6 3. Nc3 d6 4. d4 cxd4 5. Nxd4 Nf6 6. Be3 e5 7. Nb3 Be6 
8. f3 Be7 9. Qd2 O-O 10. O-O-O Nbd7 11. g4 b5 12. g5 b4 13. Ne2 Ne8 14. f4 a5 
15. f5 Bxb3 16. cxb3 a4 17. Kb1 axb3 18. Nc1 bxa2+ 19. Ka1 Qc7 20. Nb3 Nc5 
21. Nxc5 dxc5 22. Rc1 Kh8 23. Rg1 b3 24. Bc4 Ra4 25. f6 gxf6 26. gxf6 Bxf6 
27. Qg2 Rxc4 28. Rxc4 Bg7 29. Bxc5 Rg8 30. Qf3 Qb7 31. Rg3 Qd7 32. Qxb3 Nf6 
33. Ra4 Qc6 34. Qc4 Qb7 35. Rb3 Qd7 36. Rc3 Qd2 37. Kxa2 Qxh2 38. Qxf7 Qg2 
39. Rcc4 Rb8 40. Ba3 Qg6 41. Qxg6 hxg6 42. Bd6 Rd8 43. Bxe5 Ng4 44. Bxg7+ Kxg7 
45. b4 Rb8 46. Ra5 Nh2 47. e5 Nf1 48. b5 Ne3 49. Rc6 Kh6 50. b6 Nf5 51. e6 Ne7 
52. Rc7 Rxb6 53. Rxe7 Rc6 54. Re8 Rc2+ 55. Kb3 Rf2 56. Rh8+ Kg7 57. e7 Rf3+ 
58. Kc4 Rf4+ 59. Kd3 Kxh8 60. e8=Q+ Kh7 61. Qe7+ Kh8 62. Ra8+ Rf8 63. Rxf8# 1-0

[Event "Friday 20 April Rapid Engine Tour 12+1 Rounds 9 Starts 1600ST"]
[Site "Infinity Chess"]
[Date "2018.4.20"]
[Round "7"]
[White "Seliga"]
[Black "MarioDeMonti"]
[Result "1/2-1/2"]
[ECO "E60"]
[WhiteElo "2473"]
[BlackElo "2482"]
[WhiteEngine "AsmFish A13_CTG"]
[BlackEngine "stockfish_x64_bmi2_2018_02_18_CTG"]
[EventType "Swiss"]
[WhiteTeam ""]
[BlackTeam ""]
[PlyCount "27"]
[TimeControl "720+1"]

1. d4 Nf6 2. c4 g6 3. Nf3 Bg7 4. Nc3 d6 5. h3 Nbd7 6. e4 e5 7. d5 Nc5 8. Qc2 O-O 
9. Bg5 h6 10. Be3 Nh5 11. Qd2 Nf6 12. Qc2 Nh5 13. Qd2 Nf6 14. Qc2 1/2-1/2

[Event "Friday 20 April Rapid Engine Tour 12+1 Rounds 9 Starts 1600ST"]
[Site "Infinity Chess"]
[Date "2018.4.20"]
[Round "7"]
[White "Time_bandit"]
[Black "SkyPilot"]
[Result "1/2-1/2"]
[ECO "C77"]
[WhiteElo "2458"]
[BlackElo "2482"]
[WhiteEngine "asmFishW_2018-04-11_bmi2"]
[BlackEngine "stockfish_x64_bmi2_2018_04_07_CTG"]
[EventType "Swiss"]
[WhiteTeam ""]
[BlackTeam ""]
[PlyCount "136"]
[TimeControl "720+1"]

1. e4 e5 2. Nf3 Nc6 3. Bb5 a6 4. Ba4 Nf6 5. O-O Be7 6. Re1 b5 7. Bb3 O-O 
8. c3 d5 9. exd5 Nxd5 10. Nxe5 Nxe5 11. Rxe5 c6 12. d4 Bd6 13. Re1 Qh4 
14. g3 Qh3 15. Be3 Bg4 16. Qd3 Rae8 17. Nd2 Re6 18. a4 Qh5 19. axb5 axb5 
20. Nf1 Bf5 21. Qd2 Bh3 22. Bd1 Qg6 23. Bf3 Qf5 24. Qd1 h5 25. Ra6 Bc7 
26. Be2 Qe4 27. Bf3 Qf5 28. Bh1 Rfe8 29. Qf3 Qg6 30. Rxc6 Rxc6 31. Qxd5 Rb6 
32. Bf3 h4 33. Bh5 Qe6 34. Qxe6 Bxe6 35. Bf3 hxg3 36. hxg3 Ra6 37. d5 Bd7 
38. Kg2 g5 39. g4 Bf4 40. Ng3 Bxe3 41. fxe3 f6 42. Kf2 Ra2 43. Re2 Kf7 
44. Rd2 Ra4 45. b3 Ra3 46. Ne4 Rxb3 47. Nd6+ Ke7 48. Nxe8 Kxe8 49. Rc2 Ke7 
50. c4 bxc4 51. Rxc4 Kd6 52. e4 Rb2+ 53. Kg3 Rb3 54. Kf2 Rb2+ 55. Ke1 Bb5 
56. Rd4 Ke5 57. Rd2 Rb4 58. Kf2 Kf4 59. Rc2 Bd3 60. Ra2 Ke5 61. Bg2 Bxe4 
62. Bxe4 Rxe4 63. Rd2 Kd6 64. Kg3 Re5 65. Rf2 f5 66. gxf5 Ke7 67. d6+ Kxd6 
68. f6 Re8 1/2-1/2

[Event "Friday 20 April Rapid Engine Tour 12+1 Rounds 9 Starts 1600ST"]
[Site "Infinity Chess"]
[Date "2018.4.20"]
[Round "7"]
[White "Harry_Potter"]
[Black "ocirema"]
[Result "1/2-1/2"]
[ECO "C50"]
[WhiteElo "2495"]
[BlackElo "2449"]
[WhiteEngine "Stockfish_x64_bmi2_CTG"]
[BlackEngine "asmFishW_2018-04-15_popcnt_CTG"]
[EventType "Swiss"]
[WhiteTeam ""]
[BlackTeam ""]
[PlyCount "109"]
[TimeControl "720+1"]

1. e4 e5 2. Nf3 Nc6 3. Bc4 Bc5 4. O-O d6 5. c3 Nf6 6. d3 a5 7. Bg5 h6 8. Bh4 g5 
9. Bg3 O-O 10. a4 Kg7 11. Nbd2 Ba7 12. Re1 Ng8 13. h3 h5 14. d4 Nh6 15. Nf1 g4 
16. Bh4 f6 17. N3h2 Qe8 18. Ne3 gxh3 19. gxh3 exd4 20. Nd5 Ne5 21. Nxc7 Qg6+ 
22. Kh1 Bxh3 23. Ne6+ Bxe6 24. Bxe6 dxc3 25. Rg1 Neg4 26. Qd5 f5 27. bxc3 Bxf2 
28. exf5 Nxf5 29. Rxg4 hxg4 30. Bxf2 Rae8 31. Qxb7+ Kh6 32. Bxf5 Rxf5 
33. Qg2 Rh5 34. Kg1 g3 35. Bxg3 Rg8 36. Nf1 Rg5 37. Bf4 Qf6 38. Bxg5+ Rxg5 
39. Ng3 Qxc3 40. Qh3+ Kg6 41. Qe6+ Kh7 42. Qh3+ Kg6 43. Qe6+ Kh7 44. Qf7+ Rg7 
45. Qh5+ Kg8 46. Qe8+ Kh7 47. Qh5+ Kg8 48. Qd5+ Kh7 49. Qf5+ Kg8 50. Qe6+ Kh7 
51. Qh3+ Kg8 52. Qe6+ Kh7 53. Qe4+ Kh8 54. Qe8+ Kh7 55. Qh5+ 1/2-1/2

[Event "Friday 20 April Rapid Engine Tour 12+1 Rounds 9 Starts 1600ST"]
[Site "Infinity Chess"]
[Date "2018.4.20"]
[Round "6"]
[White "ocirema"]
[Black "angriff"]
[Result "1-0"]
[ECO "B90"]
[WhiteElo "2435"]
[BlackElo "2386"]
[WhiteEngine "asmFishW_2018-04-15_popcnt_CTG"]
[BlackEngine "DracoREX 3.07 64BIT POPCNT_CTG"]
[EventType "Swiss"]
[WhiteTeam ""]
[BlackTeam ""]
[PlyCount "163"]
[TimeControl "720+1"]

1. e4 c5 2. Nf3 d6 3. d4 cxd4 4. Nxd4 Nf6 5. Nc3 a6 6. Be3 e5 7. Nb3 Be6 
8. f3 h5 9. Qd2 Nbd7 10. Nd5 Bxd5 11. exd5 g6 12. Be2 Qc7 13. Rc1 Ng8 14. c4 Bh6 
15. O-O Bxe3+ 16. Qxe3 Ne7 17. f4 Nf5 18. Qc3 Rc8 19. Kh1 Kf8 20. Bd3 Ne3 
21. Rf3 Ng4 22. h3 b5 23. Na5 Kg7 24. Nc6 bxc4 25. Bxc4 Qb6 26. Rc2 a5 
27. a4 Ndf6 28. fxe5 dxe5 29. Re2 Nd7 30. Rf1 Nh6 31. Nxe5 Nxe5 32. Qxe5+ Kh7 
33. Ref2 Rhf8 34. b3 Rce8 35. Rf6 Rxe5 36. Rxb6 Nf5 37. Kg1 Ra8 38. Rd1 Kg7 
39. d6 Rd8 40. Ra6 Ne3 41. Rd4 Nf5 42. Rd3 Kf6 43. Kf2 Rc5 44. Rd2 h4 
45. d7+ Ke7 46. Bb5 Ng3 47. Rd1 Re5 48. Re1 Rxe1 49. Kxe1 Nf5 50. Rxa5 Nd4 
51. Bc4 Rxd7 52. Re5+ Ne6 53. a5 Rc7 54. Kd2 Ra7 55. b4 Kd6 56. Rb5 Nf8 
57. Kc3 Ke7 58. Re5+ Kd7 59. a6 Kc7 60. b5 Nd7 61. Rd5 Ra8 62. Kb4 g5 
63. Rxg5 f6 64. Rg7 Kd6 65. Ka5 Ne5 66. Bb3 Kc5 67. a7 f5 68. Rc7+ Kd6 69. b6 f4 
70. Ka6 Rd8 71. Rg7 Nd3 72. Kb5 Nc5 73. Rg8 Rxg8 74. Bxg8 f3 75. a8=Q Ke5 
76. Kxc5 f2 77. b7 f1=Q 78. b8=Q+ Kf6 79. Qd8+ Kg6 80. Qc6+ Kg7 81. Qg5+ Kh8 
82. Qch6# 1-0

[Event "Friday 20 April Rapid Engine Tour 12+1 Rounds 9 Starts 1600ST"]
[Site "Infinity Chess"]
[Date "2018.4.20"]
[Round "6"]
[White "hafaba"]
[Black "Deep_Impact"]
[Result "1/2-1/2"]
[ECO "C77"]
[WhiteElo "2446"]
[BlackElo "2411"]
[WhiteEngine "Eman 1.70-beta21 64-bit POPCNT_CTG"]
[BlackEngine "BrainFish_180411_x64_bmi2"]
[EventType "Swiss"]
[WhiteTeam ""]
[BlackTeam ""]
[PlyCount "107"]
[TimeControl "720+1"]

1. e4 e5 2. Nf3 Nc6 3. Bb5 a6 4. Ba4 Nf6 5. O-O Be7 6. Re1 b5 7. Bb3 O-O 
8. c3 d5 9. exd5 Nxd5 10. Nxe5 Nxe5 11. Rxe5 c6 12. d4 Bd6 13. Re1 Qh4 
14. g3 Qh3 15. Qe2 Bg4 16. Qf1 Qh5 17. Nd2 Rae8 18. f3 Rxe1 19. Qxe1 Bxf3 
20. Nxf3 Qxf3 21. Bd2 Qg4 22. Bd1 Qg6 23. Bf3 h5 24. Kg2 f5 25. a4 f4 
26. Qe4 Qf7 27. Re1 g6 28. g4 hxg4 29. Bxg4 Nf6 30. Qf3 Nxg4 31. Qxg4 Re8 
32. Rxe8+ Qxe8 33. Qf3 bxa4 34. Bxf4 Bxf4 35. Qxf4 Qe2+ 36. Qf2 Qe4+ 
37. Kg3 Qd3+ 38. Kg4 Kg7 39. Kf4 Qf5+ 40. Ke3 Qb5 41. h4 a3 42. bxa3 Qb3 
43. Qf4 Qxc3+ 44. Ke4 Qxa3 45. Qc7+ Kf6 46. Qxc6+ Kg7 47. Qc5 Qb2 48. Qa7+ Kf6 
49. Qxa6+ Kg7 50. Qa7+ Kh6 51. Qc5 Qg2+ 52. Ke5 Qg3+ 53. Ke6 Qxh4 54. d5 1/2-1/2

[Event "Friday 20 April Rapid Engine Tour 12+1 Rounds 9 Starts 1600ST"]
[Site "Infinity Chess"]
[Date "2018.4.20"]
[Round "6"]
[White "OlivierEvan"]
[Black "RonWeasley"]
[Result "1/2-1/2"]
[ECO "A05"]
[WhiteElo "2382"]
[BlackElo "2454"]
[WhiteEngine "Houdini 6"]
[BlackEngine "BrainFish 180418_CTG"]
[EventType "Swiss"]
[WhiteTeam ""]
[BlackTeam ""]
[PlyCount "198"]
[TimeControl "720+1"]

1. Nf3 Nf6 2. d4 d5 3. c4 e6 4. Nc3 c6 5. e3 Nbd7 6. Qc2 Bd6 7. Bd3 dxc4 
8. Bxc4 O-O 9. O-O a6 10. a4 Qc7 11. Bd2 c5 12. Ne4 Nxe4 13. Qxe4 b6 14. Bd3 g6 
15. Qh4 cxd4 16. exd4 Bb7 17. Rfc1 Qb8 18. Bg5 Rc8 19. Nd2 Rxc1+ 20. Rxc1 Bf8 
21. Ne4 Bg7 22. Bf4 e5 23. dxe5 Bxe5 24. Be3 b5 25. Rd1 Qc7 26. axb5 axb5 
27. Bf1 Bc6 28. Nc3 Nf6 29. Nxb5 Bxb5 30. Bxb5 Bxb2 31. Be2 Ra1 32. Rxa1 Bxa1 
33. Bh6 Bc3 34. g3 Qd8 35. Qf4 Ne8 36. Qe4 Bg7 37. Be3 Bf6 38. Kg2 Nd6 
39. Qd5 Nf5 40. Qxd8+ Bxd8 41. Bc5 Be7 42. Bb6 Bf6 43. g4 Nd4 44. Bc4 g5 
45. Bc7 Nc6 46. Bd6 Kg7 47. Ba3 Ne5 48. Be2 Ng6 49. Kf3 Be5 50. h3 Bd4 
51. Bb4 Nh4+ 52. Ke4 Bxf2 53. Bd2 h6 54. Bc3+ Kg8 55. Be5 Ng6 56. Bd6 Kg7 
57. Bc4 Nh4 58. Bd5 Ng6 59. Kf3 Be1 60. Ke4 Nh4 61. Bc4 Ng6 62. Kf5 Nh4+ 
63. Ke4 Bc3 64. Kd3 Bb2 65. Ke4 Kg6 66. Bd3 Bf6 67. Ke3+ Kg7 68. Bc4 Bc3 
69. Bd3 Bf6 70. Ke4 Ng6 71. Bc4 Bc3 72. Be2 Nh4 73. Bc4 Kf6 74. Bc5 Ba1 
75. Bb6 Bc3 76. Bd8+ Kg7 77. Bc7 Ng6 78. Bd6 Ba1 79. Kf5 Bc3 80. Bd5 Ba5 
81. Ke4 Be1 82. Kf5 Nh4+ 83. Ke4 Ng6 84. Kf5 Bd2 85. Bc4 Nh4+ 86. Ke4 Ng6 
87. Kf5 Bc1 88. Ke4 Bf4 89. Bc5 Be5 90. Be3 Bb2 91. Bd5 Kf6 92. Bc4 Ne5 
93. Bb5 Kg6 94. Bf2 Kf6 95. Be3 Bc3 96. Bc5 Ng6 97. Be3 Ne5 98. Bc5 Ng6 
99. Be3 Ne5 1/2-1/2

[Event "Friday 20 April Rapid Engine Tour 12+1 Rounds 9 Starts 1600ST"]
[Site "Infinity Chess"]
[Date "2018.4.20"]
[Round "6"]
[White "star99"]
[Black "Marsell"]
[Result "1/2-1/2"]
[ECO "D05"]
[WhiteElo "2455"]
[BlackElo "2476"]
[WhiteEngine "Cryptic Heroes 9.4B"]
[BlackEngine "BrainFish_180418_x64_bmi2"]
[EventType "Swiss"]
[WhiteTeam ""]
[BlackTeam ""]
[PlyCount "144"]
[TimeControl "720+1"]

1. d4 d5 2. Nf3 Nf6 3. e3 e6 4. Nbd2 b6 5. Bb5+ c6 6. Bd3 Bb7 7. b3 c5 
8. Bb2 Nbd7 9. O-O Be7 10. Qe2 O-O 11. Rfd1 Rc8 12. c4 cxd4 13. Nxd4 Qc7 
14. cxd5 Nxd5 15. Rac1 Qb8 16. Nc4 Rfd8 17. Bb1 Bf6 18. g3 Ne5 19. Nxe5 Qxe5 
20. Rxc8 Rxc8 21. e4 Nc3 22. Bxc3 Rxc3 23. Nb5 Rc5 24. f4 Qb8 25. b4 Rc8 
26. Nd6 Rd8 27. e5 Be7 28. Bxh7+ Kf8 29. Nxf7 Kxf7 30. Qh5+ Kf8 31. Bg6 Rxd1+ 
32. Kf2 Bc5+ 33. bxc5 Qc8 34. Qxd1 Qxc5+ 35. Ke2 Qc4+ 36. Qd3 Qxa2+ 37. Ke3 Qd5 
38. Qxd5 Bxd5 39. Bd3 a5 40. Bb5 Kf7 41. Kd4 Kg6 42. Be8+ Kf5 43. Ba4 Kg6 
44. Be8+ Kf5 45. Ba4 Kg6 46. g4 Kf7 47. g5 Bf3 48. h3 g6 49. h4 Bg4 50. Ke3 Bh5 
51. Kd2 Bg4 52. Kc3 Be2 53. Bc2 Bg4 54. Be4 Bd1 55. Bd3 Ba4 56. Be4 Bd1 
57. Bb1 Bf3 58. Kc4 Be2+ 59. Kc3 Bf3 60. Bc2 b5 61. Bd3 Bc6 62. Kb2 Kg7 
63. Ka3 Kf7 64. Kb3 Bd5+ 65. Kb2 b4 66. Bc2 Kg7 67. Bb3 Bxb3 68. Kxb3 Kf7 
69. Ka4 Ke7 70. Kb3 Kf7 71. Ka4 Ke8 72. Kb3 Kf7 1/2-1/2

[Event "Friday 20 April Rapid Engine Tour 12+1 Rounds 9 Starts 1600ST"]
[Site "Infinity Chess"]
[Date "2018.4.20"]
[Round "6"]
[White "MarioDeMonti"]
[Black "Time_bandit"]
[Result "1/2-1/2"]
[ECO "C55"]
[WhiteElo "2483"]
[BlackElo "2457"]
[WhiteEngine "stockfish_x64_bmi2_2018_02_18_CTG"]
[BlackEngine "asmFishW_2018-04-11_bmi2"]
[EventType "Swiss"]
[WhiteTeam ""]
[BlackTeam ""]
[PlyCount "169"]
[TimeControl "720+1"]

1. e4 e5 2. Nf3 Nc6 3. Bc4 Nf6 4. d3 Bc5 5. c3 d6 6. O-O a5 7. Re1 O-O 
8. Nbd2 h6 9. h3 Be6 10. Bb5 Qb8 11. Nf1 Qa7 12. Ne3 a4 13. Re2 Rfd8 
14. Nf5 Bxf5 15. exf5 Bb6 16. Bxc6 bxc6 17. Nh2 Re8 18. Ng4 Nxg4 19. hxg4 Qa6 
20. g3 c5 21. c4 Qb7 22. Re4 f6 23. Kg2 Kf7 24. Qc2 Rh8 25. f4 Rhe8 26. Be3 c6 
27. Bf2 Qd7 28. fxe5 dxe5 29. Rd1 Kg8 30. Rh1 Red8 31. Rd1 Qe7 32. Qc3 Ba5 
33. Qc2 Bb6 34. Qe2 a3 35. b3 Ra7 36. Be1 Qf8 37. Re3 Ba5 38. Bf2 Qe8 
39. Rf3 Bb4 40. Qe4 Qd7 41. Be3 Qe8 42. Rff1 Re7 43. Rf3 Rdd7 44. Kh3 Kf7 
45. Bf2 Kg8 46. Rg1 Rb7 47. Rh1 Rbd7 48. Rd1 Kh7 49. Rh1 Kg8 50. Bg1 Rb7 
51. Bf2 Rb8 52. Kg2 Rd8 53. Be3 Rd6 54. Bf2 Rd8 55. Rf1 Rd6 56. Kh3 Rd8 
57. Kg2 Rd6 58. Rh1 Rdd7 59. Be3 Rd8 60. Rf2 Red7 61. Rd1 Re7 62. Rff1 Rd6 
63. Rf3 Red7 64. Bf2 Qf7 65. Rh1 Rd8 66. Rc1 Qe7 67. Rh1 Qc7 68. Rd1 Qe7 
69. Ra1 Qf7 70. Rg1 Qe8 71. Rh1 Qe7 72. Rg1 Qf7 73. Ra1 Qd7 74. Rd1 Qc7 
75. Bg1 Qc8 76. Be3 Qd7 77. Bg1 Rb8 78. Be3 Kf7 79. Bf2 Qe7 80. Rg1 Qe8 
81. Rc1 Ra8 82. Rh1 Rdd8 83. Be3 Rab8 84. Rff1 Qd7 85. Qf3 1/2-1/2

[Event "Friday 20 April Rapid Engine Tour 12+1 Rounds 9 Starts 1600ST"]
[Site "Infinity Chess"]
[Date "2018.4.20"]
[Round "6"]
[White "SkyPilot"]
[Black "CrapCleaner"]
[Result "1/2-1/2"]
[ECO "C55"]
[WhiteElo "2483"]
[BlackElo "2463"]
[WhiteEngine "stockfish_x64_bmi2_2018_04_07_CTG"]
[BlackEngine "komodo-11.3.1-64bit-BMI2_CTG"]
[EventType "Swiss"]
[WhiteTeam ""]
[BlackTeam ""]
[PlyCount "288"]
[TimeControl "720+1"]

1. e4 e5 2. Nf3 Nc6 3. Bc4 Nf6 4. d3 Bc5 5. c3 d6 6. O-O a5 7. Re1 O-O 
8. Nbd2 h6 9. h3 Be6 10. a4 Bb6 11. Bxe6 fxe6 12. Nc4 Bc5 13. Be3 Bxe3 
14. Rxe3 Qd7 15. Rc1 Rf7 16. d4 exd4 17. cxd4 Raf8 18. Qb3 b6 19. Qb5 Nb4 
20. Na3 c6 21. Qe2 Nh5 22. g3 Nf6 23. Nc4 Nxe4 24. Nfe5 dxe5 25. Nxe5 Qxd4 
26. Nxf7 Nxf2 27. Rc4 Qd5 28. Kxf2 Rxf7+ 29. Kg1 Rf6 30. Rc1 Qf5 31. h4 Qh3 
32. Rc4 Kf7 33. Rf3 Ke7 34. Re4 Nd5 35. Qg2 Qxg2+ 36. Kxg2 Rg6 37. Kh3 Rf6 
38. Rxf6 gxf6 39. Re1 Kf7 40. Rc1 Nb4 41. g4 Kg6 42. Rd1 Nd5 43. Rc1 Nb4 
44. Rd1 Nd5 45. Re1 Kf7 46. Rc1 Nb4 47. Kg3 c5 48. Rd1 Ke7 49. Kf4 Nc2 
50. Rh1 Nb4 51. Rh3 Kd6 52. Ke4 Kc6 53. Re3 Kd7 54. Rf3 Ke7 55. h5 Nc6 
56. Re3 Nb4 57. Re1 Nc6 58. Rh1 Kd6 59. Rg1 Ke7 60. Rd1 Nd8 61. Rd3 Nc6 
62. Rg3 Kd6 63. Rd3+ Ke7 64. Kf4 Nb4 65. Rd2 Nc6 66. Rd3 Nd4 67. Re3 Kd6 
68. Re1 Nc6 69. Ke4 Ke7 70. Rh1 Kf7 71. Ra1 Ke7 72. Rd1 Nb4 73. Rh1 Kd6 
74. Rf1 Ke7 75. Ra1 Kf7 76. Rb1 Ke7 77. Ra1 Nc6 78. Ra3 Nb4 79. Rh3 Kd6 
80. Rg3 Ke7 81. Re3 Nd5 82. Rg3 Nb4 83. Rf3 Nc2 84. Rb3 Nb4 85. Kf3 Kd6 
86. Re3 Ke7 87. Kg3 Nc6 88. Rb3 Nb4 89. Rc3 Kd6 90. Kf3 Kd7 91. Re3 Kd6 
92. Ke4 Nd5 93. Re1 Nb4 94. Rd1+ Ke7 95. b3 Nc6 96. Rh1 Nd4 97. Kd3 Kd6 
98. Rf1 Ke7 99. Kc4 Kf7 100. Kd3 Kg7 101. Rf2 Kf7 102. Kc3 Ke7 103. Kd3 Kf7 
104. Rf1 Kg7 105. Kc4 Kf7 106. Rg1 Ke8 107. Rb1 Ke7 108. Rd1 Kf7 109. Rb1 Ke7 
110. Rh1 Kf8 111. Rh2 Ke7 112. Rg2 Kf8 113. Rf2 Ke7 114. Rf4 Kf7 115. Rf2 Kg7 
116. Kc3 Kf7 117. Ra2 Kf8 118. Ra1 Ke7 119. Rh1 Kd6 120. Kd3 Ke7 121. Rf1 Kf7 
122. Kc4 Ke7 123. Kd3 Kf7 124. Kc3 Kg7 125. Rb1 Kf7 126. Kd3 Ke7 127. Rc1 Kd6 
128. Rb1 Nf3 129. Rd1 Nd4 130. Rf1 Ke7 131. Rd1 Ke8 132. Ke3 Ke7 133. Ke4 Ke8 
134. Kd3 Kd7 135. Ke4 Ke8 136. Kf4 Kf7 137. Ke3 Ke7 138. Rb1 Kd6 139. Rg1 Ke7 
140. Rb1 Kd6 141. Rb2 Ke7 142. Rf2 Nc6 143. Ke4 Nd4 144. Kd3 Kf7 1/2-1/2

[Event "Friday 20 April Rapid Engine Tour 12+1 Rounds 9 Starts 1600ST"]
[Site "Infinity Chess"]
[Date "2018.4.20"]
[Round "6"]
[White "Harry_Potter"]
[Black "Seliga"]
[Result "1/2-1/2"]
[ECO "C50"]
[WhiteElo "2496"]
[BlackElo "2472"]
[WhiteEngine "Stockfish_x64_bmi2_CTG"]
[BlackEngine "AsmFish A13_CTG"]
[EventType "Swiss"]
[WhiteTeam ""]
[BlackTeam ""]
[PlyCount "104"]
[TimeControl "720+1"]

1. e4 e5 2. Nf3 Nc6 3. Bc4 Bc5 4. d3 Nf6 5. c3 O-O 6. O-O a5 7. d4 Bb6 
8. dxe5 Ng4 9. Bf4 Qe8 10. Qd5 Ne7 11. Qd2 Ng6 12. Be2 f6 13. exf6 Nxf4 
14. Qxf4 d5 15. Nbd2 Nxf6 16. Qh4 dxe4 17. Nd4 Bxd4 18. cxd4 Bf5 19. Rad1 Qd8 
20. Rfe1 c6 21. Qf4 Be6 22. b3 Bd5 23. a4 Qb6 24. Qe3 Qb4 25. Rc1 Rf7 
26. Nc4 Re7 27. Bf1 Bf7 28. Red1 h6 29. Qc3 Bh5 30. Re1 Bf7 31. Red1 Kh7 
32. Qh3 g6 33. Qg3 g5 34. Qh3 Bh5 35. Re1 Bg6 36. Qc3 Qxc3 37. Rxc3 Bf7 
38. Rd1 Nd5 39. Rcc1 Nb4 40. g3 Kg6 41. Rd2 Bxc4 42. bxc4 Rd8 43. Re1 Kf5 
44. Bg2 Ree8 45. Re3 g4 46. h3 h5 47. Kf1 Re6 48. hxg4+ hxg4 49. Bh1 Rdd6 
50. Bg2 Rd8 51. Bh1 Ree8 52. Bg2 Re6 1/2-1/2

[Event "Friday 20 April Rapid Engine Tour 12+1 Rounds 9 Starts 1600ST"]
[Site "Infinity Chess"]
[Date "2018.4.20"]
[Round "5"]
[White "OlivierEvan"]
[Black "ocirema"]
[Result "1/2-1/2"]
[ECO "A25"]
[WhiteElo "2380"]
[BlackElo "2437"]
[WhiteEngine "Houdini 6"]
[BlackEngine "asmFishW_2018-04-15_popcnt_CTG"]
[EventType "Swiss"]
[WhiteTeam ""]
[BlackTeam ""]
[PlyCount "204"]
[TimeControl "720+1"]

1. c4 e5 2. Nc3 Nc6 3. g3 g6 4. e3 Nge7 5. Bg2 d6 6. Nge2 Bg7 7. b3 O-O 
8. Bb2 Bf5 9. d3 Qd7 10. h4 h5 11. Qd2 a5 12. Rb1 Nb4 13. e4 Be6 14. Ba1 Nbc6 
15. Nd5 Nd4 16. Nxd4 exd4 17. Nf4 Nc6 18. Qd1 Bg4 19. f3 Be6 20. O-O Bh6 
21. Qe1 Kh7 22. Kh2 Bxf4 23. gxf4 Qe7 24. Qg3 Rab8 25. Rg1 Qf6 26. Qg5 Qxg5 
27. hxg5 f6 28. Kg3 Kg8 29. gxf6 Kf7 30. Bf1 Kxf6 31. Kf2 Rg8 32. Be2 Ke7 
33. Rg2 Rbf8 34. Kg3 Rf6 35. Rh1 Rb8 36. Bb2 Kd7 37. Bd1 b5 38. Rh4 Rff8 
39. a3 Ke7 40. Rh1 Bf7 41. Rhg1 Be6 42. Bc1 Kd8 43. c5 b4 44. cxd6 cxd6 
45. Kf2 Bf7 46. a4 Ke7 47. Rg5 Ra8 48. Bb2 Rae8 49. Rb5 Rc8 50. Rgg5 Kf6 
51. Kg3 h4+ 52. Kh2 Be6 53. Rg2 Rfd8 54. Kh1 Rf8 55. Rb6 Rfd8 56. Rb7 Re8 
57. Rh2 h3 58. Rf2 Rf8 59. Rc2 Rf7 60. Rb6 Rfc7 61. Kh2 Ke7 62. Re2 Kd7 
63. Rb5 Rf8 64. Kg3 Rf7 65. Rh2 Rf8 66. Rd2 Rf6 67. Rg5 Kc8 68. Rh2 Kd7 
69. Rh1 Kc8 70. Rb5 Kd7 71. Re1 Rc8 72. Rg1 Rc7 73. Rg5 Rc8 74. Rh1 Ke8 
75. Bc2 Rc7 76. Rh2 Rc8 77. Bd1 Rc7 78. Rc2 Kd7 79. Rf2 Ke8 80. Bc2 Kd7 
81. Re2 Rc8 82. Bc1 Rc7 83. Rh2 Rc8 84. Rf2 Rc7 85. Bd1 Ne7 86. Rc2 Rxc2 
87. Bxc2 Rf8 88. Bd1 Rc8 89. Bb2 Rc5 90. Kh2 Nc6 91. Rxg6 Rc3 92. Rg7+ Ke8 
93. Bxc3 dxc3 94. f5 Bf7 95. f6 Nd4 96. f4 Bxb3 97. Bxb3 Nxb3 98. e5 Nc5 
99. Rg8+ Kf7 100. Rg7+ Ke8 101. Rg8+ Kf7 102. Rg7+ Ke8 1/2-1/2